[Event "Early-Titled-Tuesday-Blitz-February-06-2024"]
[Site "Chess.com"]
[Date "2024.02.06"]
[Round "4"]
[White "VinzentSpitzl"]
[Black "Kildepiotr"]
[Result "1/2-1/2"]
[WhiteElo "2467"]
[BlackElo "2680"]
[TimeControl "180+1"]
[EndTime "8:40:12 PST"]
[Termination "Game drawn - insufficient material"]

1. e4 e6 2. d4 d5 3. Nd2 c5 4. exd5 Qxd5 5. Ngf3 cxd4 6. Bc4 Qd7 7. O-O Nc6 8. Nb3 Nf6 9. Nbxd4 Nxd4 10. Qxd4 Qxd4 11. Nxd4 Bd7 12. Be2 Bc5 13. Nb3 Be7 14. Bf3 Bc6 15.
Bxc6+ bxc6 16. Be3 Nd5 17. Bd4 f6 18. Rfe1 e5 19. Bc5 Bxc5 20. Nxc5 Kf7 21. a3 Rhd8 22. Rad1 Rab8 23. c4 Nf4 24. g3 Ne2+ 25. Kf1 Nd4 26. b4 Nc2 27. Rxd8 Rxd8 28. Rc1 Nxa3 29. Ra1 Nxc4 30.
Rxa7+ Kg6 31. Ne6 Rg8 32. Rc7 Nd2+ 33. Kg2 h5 34. Rxc6 Kf5 35. Nc7 Ne4 36. b5 Rd8 37. Rc2 Rb8 38. Rc6 Rd8 39. Rc2 Rd6 40. Rb2 Nc5 41. b6 Nb7 42. h4 g5 43. hxg5 fxg5 44.
Rb5 h4 45. Nd5 hxg3 46. Kxg3 Ke6 47. Ne3 Rd4 48. Ng4 Rd5 49. Rxd5 Kxd5 50. Ne3+ Kc5 51. Kg4 Kxb6 52. Kxg5 Kc5 53. Kf5 Kd4 54. Ng4 e4 55. Nf6 Nc5 56. Nxe4 Nxe4 57. Kf4 Nxf2 1/2-1/2

[Event "Early-Titled-Tuesday-Blitz-February-06-2024"]
[Site "Chess.com"]
[Date "2024.02.06"]
[Round "4"]
[White "maurovargas01"]
[Black "Bekkedahl"]
[Result "1-0"]
[WhiteElo "1893"]
[BlackElo "2229"]
[TimeControl "180+1"]
[EndTime "8:40:12 PST"]
[Termination "maurovargas01 won by resignation"]

1. e4 c5 2. Nc3 g6 3. f4 a6 4. Nf3 b5 5. d3 Bb7 6. Nd5 e6 7. Ne3 Bg7 8. c3 Ne7 9. g4 O-O 10. Bg2 d5 11. e5 Nbc6 12. O-O d4 13.
Nc2 dxc3 14. bxc3 Nd5 15. Qe1 b4 16. c4 Nc3 17. Qd2 a5 18. Bb2 Na4 19. Ne3 Nb6 20. Qf2 a4 21. Rad1 a3 22. Ba1 Na4 23. f5 exf5 24. gxf5 Nd4 25. f6 Bh6 26. Ng4 Nxf3+ 27.
Bxf3 Bg5 28. Bxb7 h5 29. Ne3 Rb8 30. Be4 Nb2 31. Bxb2 axb2 32. Rb1 Qd4 33. Rfe1 Rbe8 34. Kf1 Qxe5 35. Rxb2 Bxf6 36. Rd2 Qg5 37. Nd5 Bd4 38.
Qg2 Re5 39. Qxg5 Rxg5 40. Rg2 Re5 41. Nf6+ Kg7 42. Nd5 Ra8 43. Bf3 Ra3 44. Rxe5 Bxe5 45. Be4 Rc3 46. Nxc3 bxc3 47. Rc2 f5 48. Bd5 Kf6 49. Kg2 g5 50. a4 Bc7 51. Rxc3 f4 52. Ra3 g4 53. a5 f3+ 54. Bxf3 h4 55. Bxg4 Bb8 56. Bf3 Ba7 57. a6 Ke5 58. Be4 Kd4 59.
Kh3 1-0

[Event "Early-Titled-Tuesday-Blitz-February-06-2024"]
[Site "Chess.com"]
[Date "2024.02.06"]
[Round "4"]
[White "biostatistician"]
[Black "the_chess_child"]
[Result "1-0"]
[WhiteElo "2615"]
[BlackElo "2874"]
[TimeControl "180+1"]
[EndTime "8:40:13 PST"]
[Termination "biostatistician won by resignation"]

1. d4 Nf6 2. Nf3 g6 3. c4 Bg7 4. Nc3 O-O 5. e4 d6 6. Be2 Nbd7 7. O-O e5 8. Be3 Qe7 9. d5 c5 10. Ne1 Kh8 11. Nd3 Ng8 12. Qd2 f5 13. f4 fxe4 14. Nf2 exf4 15. Bxf4 Ngf6 16. Bg5 Qe5 17. Bf4 Qe7 18. Bg5 Re8 19. Qe3 Qe5 20. Bf4 Qd4 21. Nb5 Qxe3 22. Bxe3 Rf8 23. Nxd6 b6 24. Rae1 Ne5 25. Nfxe4 Nxe4 26. Nxe4 Bf5 27. Nd6 Bd3 28. b3 Rad8 29. Rxf8+ Rxf8 30. Bxd3 Nxd3 31. Rf1 Rxf1+ 32. Kxf1 Nb4 33. a4 Nc2 34. Ke2 Na1 35. Nb5 Nxb3 36. d6 Bf6 37. Nxa7 Na5 38. d7 Kg7 39. Bf4 Bd8 40. Kd3 Kf7 41. Bd2 Nb7 42. Nc6 Ke6 43. Nxd8+ Nxd8 44. Bg5 Kxd7 45. Bxd8 Kxd8 46. Ke4 Ke7 47.
Ke5 h6 48. h4 g5 49. hxg5 hxg5 50. Kf5 Kd6 51. g4 1-0

[Event "Early-Titled-Tuesday-Blitz-February-06-2024"]
[Site "Chess.com"]
[Date "2024.02.06"]
[Round "4"]
[White "Truequitos"]
[Black "Akewjon"]
[Result "0-1"]
[WhiteElo "2542"]
[BlackElo "2762"]
[TimeControl "180+1"]
[EndTime "8:40:13 PST"]
[Termination "Akewjon won by checkmate"]

1. Nf3 Nf6 2. d4 d5 3. c3 c5 4. dxc5 a5 5. e3 Bg4 6. b4 e6 7.
Bb5+ Nbd7 8. h3 Bh5 9. O-O Be7 10.
a4 O-O 11. Bb2 Ne4 12. Nbd2 Nxd2 13. Qxd2 Bxf3 14. gxf3 Ne5 15. Qe2 b6 16. f4 Ng6 17.
cxb6 Qxb6 18. Ba3 Rfc8 19. Rfc1 Bf6 20. Qd3 Nh4 21. Rab1 e5 22. bxa5 Qe6 23. f5 Nxf5 24.
Rb4 e4 25. Qe2 Bxc3 26. Rbb1 Bxa5 27. Qg4 Bd2 28. Rd1 Rc2 29. Rb2 Rac8 30. Rxd2 Rc1+ 31. Kg2 h5 32. Qg5 Qe5 33. Ra2 Rb1 34. Rac2 Rf8 35. Rc1 Rxc1 36. Bxc1 f6 37. Qf4 Qe6 38. Ba3 g5 39.
Qc7 Nh4+ 40. Kg3 Rf7 41. Qd8+ Kg7 42. Qe8 Qf5 43. Qd8 Qf3+ 44. Kh2 Qg2# 0-1

[Event "Early-Titled-Tuesday-Blitz-February-06-2024"]
[Site "Chess.com"]
[Date "2024.02.06"]
[Round "4"]
[White "LeoLV10"]
[Black "Massakru"]
[Result "1-0"]
[WhiteElo "2504"]
[BlackElo "2328"]
[TimeControl "180+1"]
[EndTime "8:40:14 PST"]
[Termination "LeoLV10 won on time"]

1. e4 e5 2. Nf3 Nc6 3. Bb5 a6 4. Ba4 Nf6 5. O-O Be7 6. Re1 b5 7. Bb3 d6 8. c3 O-O 9. h3 Na5 10. Bc2 c5 11. d4 Qc7 12. Nbd2 cxd4 13. cxd4 Nc6 14. Nf1 Bd7 15. d5 Nb4 16. Bb3 Rac8 17. Re2 a5 18. a3 Na6 19. Bg5 Nc5 20. Bc2 b4 21. axb4 axb4 22. Rc1 Qb7 23. Ng3 Bb5 24.
Re1 Rfe8 25. Nf5 Ncd7 26. Qd2 Bc4 27. Ba4 Bf8 28. Bxf6 Nxf6 29. Bxe8 Nxe8 30. Ne3 Ba6 31. Rxc8 Qxc8 32. Qxb4 g6 33. Qc3 Qb8 34. Ra1 Bb5 35. Ra5 Bd7 36. Nd2 Nf6 37. Qa3 Kg7 38. b4 Qc7 39. Qb2 h5 40. Ra1 Qb7 41. Qc3 Bb5 42. Ra5 Nd7 43. Qa3 Be7 44. Ra7 Qb6 45. Qa5 Qd4 46. Ndf1 Bxf1 47. Nxf1 Qxe4 48. Rxd7 Bg5 49.
Qa7 Qf5 50. Ng3 Qf4 51. Rc7 h4 52. Nf1 e4 53. Rc2 Qf5 54. Ne3 1-0

[Event "Early-Titled-Tuesday-Blitz-February-06-2024"]
[Site "Chess.com"]
[Date "2024.02.06"]
[Round "4"]
[White "zsoltkorpics"]
[Black "agvania123"]
[Result "1/2-1/2"]
[WhiteElo "2467"]
[BlackElo "2278"]
[TimeControl "180+1"]
[EndTime "8:40:14 PST"]
[Termination "Game drawn - insufficient material"]

1. e4 d5 2. exd5 Qxd5 3. Nc3 Qd8 4. d4 Nf6 5. Nf3 Bg4 6. h3 Bxf3 7. Qxf3 c6 8. Be3 e6 9. O-O-O Bb4 10. Ne4 Nxe4 11.
Qxe4 Qd5 12. Qxd5 cxd5 13. h4 h5 14. Bd3 Nc6 15. Rh3 Rc8 16. Rg3 g6 17. Bf4 Be7 18.
Re3 Bf6 19. Bb5 a6 20. Bxc6+ Rxc6 21. g3 Kd7 22. Be5 Bxe5 23. Rxe5 Rhc8 24. c3 b5 25. Re3 b4 26. Rdd3 bxc3 27. Rxc3 Rxc3+ 28. Rxc3 Rxc3+ 29. bxc3 Kc6 30. Kb2 f6 31. Kb3 e5 32. f3 Kb5 33. a4+ Ka5 34. Ka3 Kb6 35. Kb4 Kc6 36. Kb3 Kd6 37. Kc2 Ke6 38. Kd3 Kf5 39. c4 dxc4+ 40. Kxc4 Ke6 41. dxe5 Kxe5 42. Kc5 f5 43. Kb6 f4 44. gxf4+ Kxf4 45. Kxa6 g5 46. hxg5 Kxg5 47. Kb5 h4 48. a5 h3 49. a6 h2 50. Kb6 h1=Q 51.
Kb7 Qxf3+ 52. Kb8 Kf6 53. a7 Qb3+ 54. Kc8 Qd5 55. Kb8 Qb5+ 56. Kc7 Qa6 57. Kb8 Qb6+ 58. Ka8 Qd8+ 59. Kb7 Qd5+ 60. Kb8 Ke7 61. a8=Q Qxa8+ 62. Kxa8 1/2-1/2

[Event "Early-Titled-Tuesday-Blitz-February-06-2024"]
[Site "Chess.com"]
[Date "2024.02.06"]
[Round "4"]
[White "kai_nov"]
[Black "abelmat"]
[Result "1-0"]
[WhiteElo "2300"]
[BlackElo "2072"]
[TimeControl "180+1"]
[EndTime "8:40:14 PST"]
[Termination "kai_nov won by checkmate"]

1. e4 e6 2. d4 d5 3. Nc3 dxe4 4. Nxe4 Nd7 5. Nf3 Ngf6 6. Bg5 Be7 7. Bxf6 Bxf6 8.
Nxf6+ Nxf6 9. c3 O-O 10. Bd3 b6 11. Qe2 Bb7 12. O-O-O c5 13. dxc5 Qc7 14. Ne5 bxc5 15. Rhg1 Rab8 16. g4 Nd5 17. Qe4 g6 18. Qe2 Nf4 19.
Qe3 Nxd3+ 20. Nxd3 Bd5 21. Qxc5 Qb7 22. Qb4 Qa6 23.
Qa3 Qc4 24. Nb4 Rxb4 25. Qxb4 Qxa2 26. Qa3 Qc4 27. Rd4 Qe2 28. Rd2 Qf3 29. Qc5 Rb8 30. Qe3 Qf6 31. Qxa7 Rb7 32. Qd4 Qe7 33. Kd1 Qg5 34. f4 Qh4 35. Rf2 Rd7 36. Ke2 Bc6 37. Qe3 Bb5+ 38. Ke1 Bc4 39. Qg3 Qd8 40. Qf3 Rd1+ 41.
Qxd1 Qa8 42. Qd2 Qa1+ 43. Qd1 Qa6 44. Rd2 Qc6 45. Rd8+ Kg7 46. Qd4+ Kh6 47. g5+ Kh5 48. Qd1+ Be2 49. Qxe2+ Kh4 50. Qg4# 1-0

[Event "Early-Titled-Tuesday-Blitz-February-06-2024"]
[Site "Chess.com"]
[Date "2024.02.06"]
[Round "4"]
[White "scarabee43"]
[Black "nikitadovbnya2008"]
[Result "1-0"]
[WhiteElo "2876"]
[BlackElo "2273"]
[TimeControl "180+1"]
[EndTime "8:40:15 PST"]
[Termination "scarabee43 won by resignation"]

1. d4 Nf6 2. c4 g6 3. Nc3 d5 4. Bg5 Ne4 5. Bf4 Nxc3 6. bxc3 dxc4 7. e3 c5 8. Bxc4 cxd4 9. cxd4 Bg7 10. Nf3 O-O 11.
O-O Nc6 12. Rc1 Bf5 13. Qe2 e6 14. Rfd1 Ne7 15. h3 Be4 16. Nd2 Bc6 17. Nb3 Rc8 18. Nc5 b6 19. Nd3 Nd5 20. Be5 Bb7 21. Bxg7 Kxg7 22.
Ne5 Nb4 23. e4 Nc6 24. Nf3 Na5 25. Bd3 Qe7 26. Qb2 Kg8 27. Ne5 Nc6 28. Ng4 h5 29.
Ne3 Qb4 30. Qxb4 Nxb4 31. Bb1 Rxc1 32. Rxc1 Rc8 33. Rd1 Rd8 34. f3 Nc6 35. d5 exd5 36. Nxd5 Kg7 37. Kf2 Nb4 38. Ne3 Rxd1 39. Nxd1 Kf6 40.
h4 a5 41. a3 Nc6 42. Ke3 Ne5 43. Nc3 Nc4+ 44. Kd4 Nxa3 45. Bd3 Bc6 46. g4 hxg4 47. fxg4 b5 48. e5+ Ke6 49. Ne2 b4 50. Nf4+ Ke7 51. e6 fxe6 52. Nxg6+ Kf6 53. g5+ Kg7 54. h5 b3 55. h6+ Kg8 56. Ne7+ Kh8 57. Nxc6 b2 58. g6 Nb5+ 59. Ke3 Nc3 60. Ne5 b1=Q 61. Bxb1 Nxb1 62.
Nf7+ Kg8 63. h7+ Kg7 64. h8=Q+ Kxg6 65. Nd6 1-0

[Event "Early-Titled-Tuesday-Blitz-February-06-2024"]
[Site "Chess.com"]
[Date "2024.02.06"]
[Round "4"]
[White "KaterynaLagno"]
[Black "manitodeplomo"]
[Result "0-1"]
[WhiteElo "2815"]
[BlackElo "2587"]
[TimeControl "180+1"]
[EndTime "8:40:15 PST"]
[Termination "manitodeplomo won by resignation"]

1. e4 c5 2. Nf3 e6 3. d4 cxd4 4. Nxd4 a6 5. Nc3 b5 6. Bd3 Qb6 7. Nb3 Qc7 8. O-O Nf6 9. Qe2 d6 10. f4 Nbd7 11. Be3 Bb7 12. a3 Be7 13. Rae1 O-O 14. g4 Nc5 15. Nxc5 dxc5 16. e5 c4 17. Bxc4 Qc6 18. Bd4 Rfd8 19. exf6 Rxd4 20. Bd5 Rxd5 21. fxe7 Rd4 22. Kf2 Re8 23. Kg3 Rxe7 24. Rd1 Red7 25. Rxd4 Rxd4 26. Rd1 Qd6 27. Rxd4 Qxd4 28. Qf2 Qd6 29.
Ne2 g5 30. Qd4 gxf4+ 31. Kf2 Qxd4+ 32. Nxd4 e5 33. Nb3 Bd5 34. Nc5 Kg7 35. Nxa6 Kg6 36. Nb4 Bb7 37. h4 h5 38. g5 Kf5 39. Nd3 e4 40. Nc5 Bd5 41. b3 Kg4 42. a4 bxa4 43. bxa4 Kxh4 44. a5 Kxg5 45. a6 h4 46. Na4 h3 47.
Nc3 Bc6 48. Nb5 e3+ 49. Kg1 h2+ 50. Kxh2 e2 51. Nd4 e1=Q 52. Nxc6 Qf2+ 53. Kh3 Qf3+ 0-1

[Event "Early-Titled-Tuesday-Blitz-February-06-2024"]
[Site "Chess.com"]
[Date "2024.02.06"]
[Round "4"]
[White "FontVella8"]
[Black "Blitzking642"]
[Result "1-0"]
[WhiteElo "2750"]
[BlackElo "2534"]
[TimeControl "180+1"]
[EndTime "8:40:18 PST"]
[Termination "FontVella8 won by resignation"]

1. Nf3 d5 2. b3 Bf5 3. Bb2 e6 4. g3 Nf6 5. Bg2 h6 6. O-O Be7 7. d3 O-O 8. Nbd2 Bh7 9. c4 c6 10. a3 a5 11. Qc2 Nbd7 12. Rfb1 Bd6 13. b4 axb4 14. axb4 Qe7 15. c5 Bc7 16. Rxa8 Rxa8 17.
Ra1 Qd8 18. Qb1 e5 19. Rxa8 Qxa8 20. Qa1 Qxa1+ 21. Bxa1 e4 22. dxe4 Nxe4 23. Nb3 f6 24. Kf1 Kf7 25. Ke1 Ke7 26. Nfd4 f5 27. b5 Ndxc5 28.
Nxc5 Nxc5 29. bxc6 bxc6 30. Nxc6+ Kd6 31. Nd4 Ba5+ 32.
Kd1 Ne4 33. Bxe4 fxe4 34. Nb3 Bb6 35. Bxg7 h5 36. Bd4 Bc7 37. h4 Bf5 38. Kd2 Bc8 39. Ke3 Ba6 40. Nc5 Bc4 41. Na4 Ke6 42. Nb2 Bb5 43. Nd1 Ba5 44. Nb2 Bb4 45. Nd1 Ba5 46.
f3 Kf5 47. Nf2 Bb4 48. g4+ Kg6 49. Nh3 hxg4 50. fxg4 Bd7 51. Nf4+ Kh6 52. g5+ Kh7 53. h5 Bd6 54. Nxd5 Bg4 55. Nf6+ 1-0

[Event "Early-Titled-Tuesday-Blitz-February-06-2024"]
[Site "Chess.com"]
[Date "2024.02.06"]
[Round "4"]
[White "DonMicheleCorleone"]
[Black "ProChessWICTH"]
[Result "1-0"]
[WhiteElo "2408"]
[BlackElo "2517"]
[TimeControl "180+1"]
[EndTime "8:40:18 PST"]
[Termination "DonMicheleCorleone won by resignation"]

1. e4 c5 2. c3 Nf6 3. e5 Nd5 4. d4 cxd4 5. Qxd4 e6 6. Nf3 Nc6 7. Qe4 f5 8. exf6 Nxf6 9. Qh4 Be7 10. Bd3 d5 11. Bg6+ Kf8 12. Bc2 Qe8 13. Bg5 e5 14.
O-O e4 15. Nd4 Nxd4 16. cxd4 Ng8 17. Nc3 h6 18. Bxe7+ Nxe7 19. Rae1 Nf5 20. Qf4 g5 21. Qd2 Be6 22. f3 e3 23. Qd3 Rc8 24. g4 Nh4 25. Rxe3 Qf7 26. Bb3 Kg7 27. Qb5 Rhd8 28. Qe2 Rd6 29. Re1 Rcc6 30. h3 Rb6 31. Kh2 Ng6 32.
Kg1 Nf4 33. Qf1 Rbc6 34. Re5 a6 35. Kh2 b5 36. h4 gxh4 37. Qf2 Qf6 38. Ne2 Ng6 39.
Qe3 Bf7 40. f4 Re6 41. Nc3 Rxe5 42. fxe5 Qf4+ 43. Qxf4 Nxf4 44. Rf1 Rxc3 45. bxc3 Ne2 46. Rf3 a5 47. Re3 Nf4 48. Bc2 Be6 49. Bf5 h5 50. Bxe6 Nxe6 51. gxh5 Kh6 52. Rf3 b4 53. Rf6+ Kxh5 54.
Rxe6 bxc3 55. Rc6 1-0

[Event "Early-Titled-Tuesday-Blitz-February-06-2024"]
[Site "Chess.com"]
[Date "2024.02.06"]
[Round "4"]
[White "Djager97"]
[Black "Elsa167"]
[Result "1-0"]
[WhiteElo "2607"]
[BlackElo "2866"]
[TimeControl "180+1"]
[EndTime "8:40:19 PST"]
[Termination "Djager97 won by resignation"]

1. e4 c5 2. Nf3 e6 3. d4 cxd4 4. Nxd4 Nf6 5. Nc3 Nc6 6. Ndb5 Bc5 7. Bf4 O-O 8. Bc7 Qe7 9. Bd6 Bxd6 10. Qxd6 Qd8 11. Nc7 Rb8 12. O-O-O b5 13. Bxb5 Rb7 14. Bxc6 Rxc7 15. Ba4 Rxc3 16. bxc3 Nxe4 17. Qd4 Qg5+ 18. Kb2 d5 19. c4 Bb7 20. cxd5 Bxd5 21. Bb3 Nf6 22.
g3 Bxh1 23. Rxh1 h5 24. Re1 Qf5 25. Qxa7 Ng4 26. Qd4 Nxh2 27. Re5 Qf6 28. Re4 Ng4 29. Qxf6 Nxf6 30. Rd4 Ra8 31. a4 g5 32. Ka3 Kg7 33.
Kb4 e5 34. Rd2 Rb8+ 35. Kc4 Rc8+ 36. Kb5 Rb8+ 37. Kc6 Ra8 38. Kb7 Ra5 39. Kb6 Ra8 40. a5 Ne4 41. Re2 Nc3 42. Rxe5 Kf6 43. Rc5 Ne4 44.
Rc6+ Ke5 45. a6 Nd6 46. Rxd6 Kxd6 47. a7 h4 48. gxh4 gxh4 49. Bc4 h3 50. Bf1 h2 51. Bg2 Rd8 52. a8=Q Rd7 53. Qd5+ Ke7 54. Qe5+ Kf8 55. Qxh2 f5 56. Qh8+ Ke7 57. Qg7+ Kd6 58. Qxd7+ Kxd7 1-0

[Event "Early-Titled-Tuesday-Blitz-February-06-2024"]
[Site "Chess.com"]
[Date "2024.02.06"]
[Round "4"]
[White "koncheto"]
[Black "Leonid_Starozhilov"]
[Result "1-0"]
[WhiteElo "2521"]
[BlackElo "2710"]
[TimeControl "180+1"]
[EndTime "8:40:19 PST"]
[Termination "koncheto won by resignation"]

1. e4 g6 2. d4 Bg7 3. c3 d6 4. Bd3 Nf6 5. f4 O-O 6. Nf3 c5 7. e5 Nd5 8. O-O cxd4 9. cxd4 Nc6 10. Nc3 dxe5 11. fxe5 Bg4 12. Be4 Nb6 13. Ne2 f6 14. exf6 exf6 15. h3 Bxf3 16. Bxf3 f5 17. Be3 Kh8 18. Rc1 Nd5 19. Bf2 Qd7 20. Nc3 Nb6 21. d5 Ne5 22. Bd4 Rac8 23. b3 Rfe8 24. Qd2 Kg8 25.
Bxb6 axb6 26. Be2 Nf7 27. Bb5 Bxc3 28. Bxd7 Bxd2 29. Rxc8 Rxc8 30. Bxc8 Nd6 31. Be6+ Kf8 32. Rd1 Bc3 33. Rc1 Bd4+ 34. Kf1 Bc5 35. a3 Bxa3 36. Rc7 h5 37. Ke2 Bc5 38. Kf3 h4 39. Kf4 Ne4 40.
Ke5 Nd6 41. Kf6 Ne4+ 42. Kxg6 Ke8 43. Rxb7 Kd8 44. Rd7+ Ke8 45. Rh7 Nd6 46. Bxf5 Kd8 47. Be6 Ne4 48. Rxh4 Nd6 49. Rf4 Ke7 50. h4 Be3 51. Rf3 Bd4 52. h5 Ne8 53. h6 Nf6 54.
h7 Ne8 55. Rf7+ Kd6 56. Rd7+ Ke5 57. Rd8 1-0

[Event "Early-Titled-Tuesday-Blitz-February-06-2024"]
[Site "Chess.com"]
[Date "2024.02.06"]
[Round "4"]
[White "ScofieldMichael01"]
[Black "topce"]
[Result "1-0"]
[WhiteElo "2617"]
[BlackElo "2394"]
[TimeControl "180+1"]
[EndTime "8:40:19 PST"]
[Termination "ScofieldMichael01 won by checkmate"]

1. d4 e6 2. Nf3 Nf6 3. Bf4 d5 4. e3 c5 5. c3 Nc6 6. Nbd2 cxd4 7. exd4 Qb6 8. Qb3 Bd7 9. Bd3 Na5 10. Qc2 Bb5 11. O-O Bxd3 12. Qxd3 Be7 13. b4 Nc6 14. a4 a6 15. a5 Qd8 16. Nb3 Ne4 17. Nfd2 Nxd2 18.
Bxd2 O-O 19. f4 g6 20. g3 Bd6 21. Kg2 Rc8 22. b5 Nb8 23. Rfb1 Qd7 24. bxa6 bxa6 25.
Be3 Rc6 26. Nc5 Bxc5 27. dxc5 Rfc8 28. Bd4 R6c7 29. Rb6 Nc6 30. Qxa6 f6 31. Bxf6 d4 32. Qc4 dxc3 33. Bxc3 Ne7 34. Qxe6+ Qxe6 35. Rxe6 Nd5 36.
Bd4 Nb4 37. Re2 Nd3 38. a6 Nxc5 39. a7 Nb3 40. a8=Q Rxa8 41. Rxa8+ Kf7 42. Be5 Rb7 43. Rb8 Rxb8 44. Bxb8 Nd4 45. Rd2 Nf5 46. Be5 h5 47.
h3 Ke6 48. g4 hxg4 49. hxg4 Ne3+ 50. Kf3 Nc4 51. Rc2 Na3 52. Rc6+ Kf7 53. Rf6+ Ke7 54. Rxg6 Nc2 55. Ke4 Ne1 56. Rg7+ Kf8 57. Ra7 Nc2 58. g5 Ke8 59. g6 Nb4 60. g7 Nc6 61. g8=R# 1-0

[Event "Early-Titled-Tuesday-Blitz-February-06-2024"]
[Site "Chess.com"]
[Date "2024.02.06"]
[Round "4"]
[White "ExchangeAB"]
[Black "Boundless_Strike"]
[Result "0-1"]
[WhiteElo "2421"]
[BlackElo "2671"]
[TimeControl "180+1"]
[EndTime "8:40:20 PST"]
[Termination "Boundless_Strike won on time"]

1. d4 e5 2. dxe5 d6 3. Nc3 Nc6 4. e4 a6 5. Nf3 Bg4 6. Be2 Qd7 7. O-O O-O-O 8. Be3 Qe8 9. e6 fxe6 10. h3 h5 11. Ng5 Bxe2 12. Qxe2 Nf6 13. Rfd1 d5 14.
exd5 exd5 15. Bf4 Qxe2 16. Nxe2 Re8 17. Ng3 h4 18. Nf1 Bc5 19. c3 Rhf8 20. Be3 Bd6 21.
Nf3 Rh8 22. Bg5 Ne4 23. Rxd5 Nxg5 24. Nxg5 Re2 25. Rd2 Rhe8 26. Nf3 Bf4 27. Rxe2 Rxe2 28. Rb1 g5 29. N1h2 b5 30. Ng4 b4 31. Kf1 Rc2 32.
Ne1 Rd2 33. Nf3 Rc2 34. cxb4 Nxb4 35. Nd4 Rd2 36. Ne2 Nd3 37. Ra1 Rxb2 38. g3 hxg3 39. fxg3 Bd6 40. h4 gxh4 41. gxh4 Nf4 42. Nxf4 Bxf4 43.
h5 Rb5 44. Kg2 Ra5 45. Kf3 Bg5 46. a4 Rc5 47. Ra3 Rc4 48. h6 Rf4+ 49. Kg3 Rf7 50. Rf3 Rh7 51. Rf5 Bxh6 0-1

[Event "Early-Titled-Tuesday-Blitz-February-06-2024"]
[Site "Chess.com"]
[Date "2024.02.06"]
[Round "4"]
[White "GothamChess"]
[Black "DinaBelenkaya"]
[Result "0-1"]
[WhiteElo "2690"]
[BlackElo "2428"]
[TimeControl "180+1"]
[EndTime "8:40:20 PST"]
[Termination "DinaBelenkaya won by checkmate"]

1. e4 c6 2. d4 d5 3. Nc3 dxe4 4.
Nxe4 Bf5 5. Ng5 e6 6. N1f3 Nd7 7. Bd3 Bxd3 8. Qxd3 Be7 9. O-O Ngf6 10. Nxf7 Kxf7 11. Ng5+ Kg8 12. Nxe6 Qa5 13. c4 Nf8 14. Nf4 Rd8 15. Bd2 Qc7 16. Rfe1 Bd6 17. g3 Qd7 18.
Rad1 Bxf4 19. Bxf4 Ng6 20. Be5 Nxe5 21. Rxe5 Kf7 22. Qe2 Rhe8 23. f4 Ng4 24. Re4 Qf5 25. Rxe8 Rxe8 26. Qf3 Re3 27. Qg2 Re4 28. Qd2 Ne3 29. Rc1 Qe6 30. d5 cxd5 31. cxd5 Qxd5 32. Rc7+ Kg6 33. Qxd5 Nxd5 34. Rxb7 Ra4 35. a3 Nb6 36. Kg2 Kf6 37. h4 h5 38. Kh3 g6 39. Kg2 Ra5 40. Kh3 Kf5 41. Rf7+ Ke6 42. Rb7 Kf6 43. Rc7 Nd5 44. Rc6+ Kf5 45. Rc2 Ne3 46. Rc3 Ng4 47. Rb3 Rd5 48. Kg2 Rd2+ 49. Kg1 Ke4 50. Rc3 Rxb2 51.
a4 Ra2 52. Rc4+ Kf3 53. Rc3+ Ne3 54. Rb3 Rg2+ 55. Kh1 Ra2 56. a5 Rxa5 57. f5 Ra1+ 58. Kh2 gxf5 59. Rc3 Ra2+ 60. Kh3 Ra1 61. Kh2 a5 62. g4 hxg4 63. h5 g3+ 64. Kh3 Rh1# 0-1

[Event "Early-Titled-Tuesday-Blitz-February-06-2024"]
[Site "Chess.com"]
[Date "2024.02.06"]
[Round "4"]
[White "FrenchMonster2002"]
[Black "vaniavindy"]
[Result "1-0"]
[WhiteElo "2372"]
[BlackElo "2152"]
[TimeControl "180+1"]
[EndTime "8:40:20 PST"]
[Termination "FrenchMonster2002 won by checkmate"]

1. e4 c6 2. Nc3 d5 3. Nf3 d4 4.
Ne2 c5 5. c3 Nc6 6. cxd4 cxd4 7. Qa4 Nf6 8. Nexd4 Bd7 9. d3 e5 10. Nxc6 Bxc6 11. Qb3 Bc5 12. Be2 Qe7 13. O-O O-O 14.
Bg5 Rad8 15. Rac1 Bb6 16. h3 h6 17. Bh4 Rfe8 18. Qc3 g5 19. Bg3 Nh5 20. Bxe5 f6 21. Bh2 Bd7 22. Nxg5 hxg5 23. Bxh5 g4 24. Bxe8 Rxe8 25. h4 g3 26. Bxg3 Qg7 27. Kh2 Be6 28.
d4 Bf7 29. Rfe1 Bg6 30. e5 Bf7 31. exf6 Qg4 32. Rxe8+ Bxe8 33. Qc8 Qe4 34. Rc3 Kf7 35. Re3 Qc6 36. Qxc6 Bxc6 37. Re7+ Kxf6 38. Rh7 Bxd4 39. b3 Kg6 40. Re7 Bf6 41. Re6 Bd7 42. Rd6 Bc6 43. Be5 Kf5 44. Bxf6 Ke4 45. Rxc6 bxc6 46. h5 c5 47. h6 Kd5 48. h7 c4 49. h8=Q cxb3 50. axb3 Kc5 51. Bc3 Kb5 52. Qe5+ Ka6 53. Qd6+ Kb7 54.
Bd4 Ka8 55. Qc7 a6 56. Qa7# 1-0

[Event "Early-Titled-Tuesday-Blitz-February-06-2024"]
[Site "Chess.com"]
[Date "2024.02.06"]
[Round "4"]
[White "Philippians46"]
[Black "Kostukov_Alex"]
[Result "1-0"]
[WhiteElo "2585"]
[BlackElo "2309"]
[TimeControl "180+1"]
[EndTime "8:40:22 PST"]
[Termination "Philippians46 won by resignation"]

1. d4 g6 2. c4 Bg7 3. Nc3 d6 4. e4 e5 5. dxe5 dxe5 6. Bd3 Ne7 7. Nge2 O-O 8. O-O Nbc6 9. Nd5 Nd4 10. Nxd4 exd4 11.
Bg5 f6 12. Bf4 Nxd5 13. cxd5 f5 14. Rc1 fxe4 15. Bxc7 Qe8 16. Bc4 d3 17. f3 Bf5 18.
Qb3 e3 19. Bxd3 e2 20. Bxe2 Qxe2 21. d6+ Kh8 22. Rf2 Bd4 23. Rf1 Bxf2+ 24. Rxf2 Qe1+ 25. Rf1 Qe5 26. Qd1 Qe3+ 27. Kh1 Bd7 28. Ba5 Kg8 29. Re1 Qf4 30. Bc3 Qf7 31. Re7 Qf5 32. Rg7+ Kh8 33.
Rxd7+ Kg8 34. Qb3+ Rf7 35. Re7 Qb1+ 36. Re1 Qf5 37.
Qc4 Rd8 38. Qd4 Rf6 39. Qxf6 Qxf6 40. Bxf6 Rxd6 41. Bc3 b6 42. h3 h5 43. Kh2 a5 44.
Re7 Kf8 45. Rb7 Ke8 46. b4 axb4 47. Bxb4 Re6 48. a3 Kd8 49. g4 hxg4 50. hxg4 Kc8 51. Re7 Rc6 52. Kg3 Kd8 53. Re4 Kd7 54. f4 Rc2 55. f5 gxf5 56. gxf5 Rc1 57. Kf4 Rg1 58. Ke5 Rg8 59. Rd4+ Kc6 60. Rd6+ Kb5 61. f6 Kc4 62. Ke6 Re8+ 63. Kd7 Re3 64. f7 Rf3 65. Rc6+ Kb5 66. f8=Q 1-0

[Event "Early-Titled-Tuesday-Blitz-February-06-2024"]
[Site "Chess.com"]
[Date "2024.02.06"]
[Round "4"]
[White "Flawless_Fighter"]
[Black "Narek_Ghimoyan"]
[Result "0-1"]
[WhiteElo "2729"]
[BlackElo "2436"]
[TimeControl "180+1"]
[EndTime "8:40:22 PST"]
[Termination "Narek_Ghimoyan won by resignation"]

1. e4 e6 2. d4 d5 3. Nd2 h6 4.
Bd3 Nf6 5. e5 Nfd7 6. c3 c5 7.
Ne2 Nc6 8. O-O Qb6 9. Nf3 g5 10. h3 cxd4 11. cxd4 Bg7 12. Be3 a5 13. Ng3 Ne7 14.
a4 f5 15. exf6 Nxf6 16. Ne5 O-O 17. Nh5 Nxh5 18. Qxh5 Nf5 19. g4 Nh4 20. Ng6 Nxg6 21. Qxg6 Rf6 22. Qe8+ Rf8 23. Qg6 Rf6 24. Qe8+ Rf8 25.
Qb5 Qd6 26. Rac1 Rf3 27. Kg2 Rf8 28. Qc5 Qxc5 29. Rxc5 Bd7 30. b3 Bc6 31. Rfc1 e5 32. Bf5 exd4 33. Bd2 Be5 34. Bxa5 Bd6 35. Bb4 Bxc5 36.
Bxc5 Rxf5 37. gxf5 Re8 38. Bxd4 Re4 39. Rd1 Kf7 40.
f6 h5 41. Rd2 Bd7 42. f3 Re8 43. Kf2 Bxh3 44. Rc2 Rc8 45. Re2 Be6 46. Kg3 Rc6 47.
f4 h4+ 48. Kf3 g4+ 49. Ke3 Bf5 50. Rh2 h3 51. Kf2 Kg6 52. Kg3 Rc1 53. Kh4 Rd1 54. Be5 Rd3 55. f7 Kxf7 56. Kg5 g3 57. Rc2 Bd7 58. Rc7 Ke6 59. f5+ Kxe5 60. Rxd7 g2 61. Re7+ Kd6 62. Kf6 g1=Q 0-1

[Event "Early-Titled-Tuesday-Blitz-February-06-2024"]
[Site "Chess.com"]
[Date "2024.02.06"]
[Round "4"]
[White "wild3000"]
[Black "Cheer_Down"]
[Result "0-1"]
[WhiteElo "2361"]
[BlackElo "2514"]
[TimeControl "180+1"]
[EndTime "8:40:23 PST"]
[Termination "Cheer_Down won on time"]

1. d4 Nf6 2. Nf3 e6 3. e3 d5 4. Be2 c5 5. O-O Nc6 6. a3 cxd4 7. Nxd4 Bd6 8. c4 O-O 9. Nc3 Nxd4 10. Qxd4 b6 11.
cxd5 Bc5 12. Qh4 Nxd5 13. Qxd8 Rxd8 14. Nxd5 exd5 15. b4 Be7 16. Bb2 Bb7 17. Rac1 Rac8 18. Bg4 Rxc1 19. Rxc1 Bd6 20. Bd4 g6 21. g3 f5 22. Bf3 Kf7 23. h4 Ke6 24. Kf1 Rc8 25. Rxc8 Bxc8 26. Be2 Bd7 27. Ke1 h6 28. Kd2 g5 29.
hxg5 hxg5 30. f4 gxf4 31. exf4 Ba4 32. Kc3 Bd7 33. Kb3 Be8 34. a4 Bd7 35. a5 Bc7 36. a6 Be8 37. b5 Bd8 38. Kc2 Bc7 39. Kd2 Bd7 40. Ke3 Kf7 41. Bd3 Ke6 42. Kf3 Kf7 43.
Kg2 Ke6 44. Kh3 Be8 45. Kh4 Bd8+ 46. Kh3 Bh5 47. Be5 Bf3 48. Bb8 Be4 49. Be2 d4 50.
Bxa7 Bc7 51. g4 d3 52. Bd1 fxg4+ 53. Kxg4 Bf5+ 54. Kf3 Kd5 55. Ke3 Kc4 56. Kd2 Kxb5 57. Bxb6 Kxb6 58. Bb3 Bxf4+ 59. Kc3 d2 60. Bd1 Kxa6 61.
Kb4 Kb6 62. Kc4 Kc7 63. Kc5 Kd7 64. Kc4 Ke6 0-1